 Dungeon Crawl Stone Soup version 0.18-a0-1203-gbde16db (webtiles) character file.

34416 namelastname112 the Spear-Bearer (level 13, -7/103 HPs)
             Began as a Demonspawn Gladiator on Feb 1, 2016.
             Was the Champion of Makhleb.
             Blown up by a cacodemon (40 damage)
             ... with a bolt of energy
             ... summoned by the player character
             ... on level 5 of the Lair of Beasts on Feb 2, 2016.
             The game lasted 00:37:13 (18592 turns).

namelastname112 the Spear-Bearer (DsGl)            Turns: 18592, Time: 00:37:14

Health: -7/103     AC: 10    Str: 31    XL:     13   Next: 42%
Magic:  21/21      EV: 21    Int:  7    God:    Makhleb [******]
Gold:   1031       SH:  0    Dex: 24    Spells: 0 memorised, 12 levels left

rFire  + + .     SeeInvis .     F - +0 halberd (chaos)
rCold  . . .     Gourm    .     x - +0 ring mail of the Hippo {rElec Str+8 Int-4}
rNeg   . . .     Faith    .     (shield currently unavailable)
rPois  .         Spirit   .     c - +0 helmet
rElec  +         Dismiss  .     G - +1 cloak
rCorr  .         Reflect  .     (no gloves)
SustAt .         Harm     .     (boots unavailable)
MR     +....                    U - amulet of regeneration
Stlth  +++.......               z - +4 ring of strength
                                t - ring of protection from fire

@: about to teleport, somewhat resistant to hostile enchantments, fairly
stealthy
A: talons 3, thin skeletal structure 3, agile 2, fire resistance 1, magic
resistance 1, spiny 1, evolution 1, flame cloud immunity
a: Minor Destruction, Lesser Servant of Makhleb, Major Destruction, Greater
Servant of Makhleb, Renounce Religion


You were on level 5 of the Lair of Beasts.
You worshipped Makhleb.
Makhleb was exalted by your worship.
You were hungry.

You visited 2 branches of the dungeon, and saw 16 of its levels.
You also visited: Labyrinth and Ossuary.

You collected 1511 gold pieces.
You spent 480 gold pieces at shops.

Inventory:

Hand Weapons
 F - a +0 halberd of chaos (weapon)
 I - a +1 trident of flaming
Missiles
 d - 4 throwing nets (quivered)
 v - 7 poisoned javelins
Armour
 c - a +0 helmet (worn)
 x - the +0 ring mail of the Hippo (worn) {rElec Str+8 Int-4}
   (You bought it in a shop on level 7 of the Dungeon)

   It affects your strength (+8).
   It affects your intelligence (-4).
   It insulates you from electricity.
 G - a +1 cloak (worn)
Rods
 u - a +0 rod of inaccuracy (11/11)
   (You found it on level 4 of the Dungeon)
 R - a +0 rod of destruction (9/9)
   (You found it in a labyrinth)
Jewellery
 t - a ring of protection from fire (left hand)
 z - a +4 ring of strength (right hand)
 U - an amulet of regeneration (around neck)
Wands
 e - a wand of draining (4/15)
 o - a wand of disintegration (14/24)
 y - a wand of digging (6/24)
 D - a wand of fireball (11/15)
 H - a wand of draining (4/15)
 L - a wand of paralysis (17/24)
 M - a wand of disintegration (15/24)
 N - a wand of digging (14/24)
 O - a wand of disintegration (5/24)
 Z - a wand of slowing (23/48)
Scrolls
 a - a scroll of blinking {unknown}
 h - a scroll of fog
 j - 2 scrolls of teleportation
 k - 13 scrolls of remove curse
 l - 2 scrolls of identify
 A - a scroll of brand weapon
 C - 2 scrolls of recharging
 E - a scroll of fear
 K - 2 scrolls of magic mapping
 P - 2 scrolls of enchant armour
 W - 3 scrolls of enchant weapon
Potions
 b - 2 potions of invisibility
 i - 8 potions of curing
 p - 3 potions of agility
 r - a potion of lignification
 B - a potion of mutation {unknown}
 V - 4 potions of haste
Books
 m - a book of Debilitation

   Spells                             Type                      Level
   a - Corona                         Hexes                        1
   b - Slow                           Hexes                        2
   c - Gell's Gravitas                Hexes/Translocation          3
   d - Inner Flame                    Hexes/Fire                   3
   e - Cause Fear                     Hexes                        4
   f - Leda's Liquefaction            Hexes/Earth                  4
 s - a book of Transfigurations

   Spells                             Type                      Level
   a - Stoneskin                      Transmutation/Earth          2
   b - Irradiate                      Conjuration/Transmutation    5
   c - Statue Form                    Transmutation/Earth          6
   d - Hydra Form                     Transmutation                6
   e - Dragon Form                    Transmutation                7
 T - a book of Alchemy

   Spells                             Type                      Level
   a - Sublimation of Blood           Necromancy                   2
   b - Ignite Poison                  Fire/Transmutation/Poison    3
   c - Condensation Shield            Ice                          4
   d - Petrify                        Transmutation/Earth          4
   e - Alistair's Intoxication        Transmutation/Poison         5
   f - Irradiate                      Conjuration/Transmutation    5
 X - a book of Dreams

   Spells                             Type                      Level
   a - Ensorcelled Hibernation        Hexes/Ice                    2
   b - Phase Shift                    Translocation                5
   c - Silence                        Hexes/Air                    5
   d - Darkness                       Hexes                        6
   e - Mass Confusion                 Hexes                        6
   f - Shadow Creatures               Summoning                    6
Miscellaneous
 J - a phantom mirror
 Q - a fan of gales
Comestibles
 f - 15 bread rations
 n - 9 meat rations
 q - 20 fruits
 w - 5 royal jellies
 Y - a beef jerky


   Skills:
 + Level 9.8 Fighting
 * Level 12.3 Polearms
 - Level 1.7 Throwing
 + Level 8.5 Armour
 + Level 9.2 Dodging
 - Level 11.5 Invocations
 * Level 4.8 Evocations


You had 12 spell levels left.
You didn't know any spells.

Dungeon Overview and Level Annotations

Branches:
Dungeon (11/15)            Temple (0/1) D:5            Lair (5/8) D:8
 Shoals (0/4) Lair:3        Snake (0/4) Lair:5
    Orc: D:9-12

Altars:
Elyvilon
Makhleb
Nemelex Xobeh
Qazlal
Ru
Sif Muna
Trog
Xom
Yredelemnul
Zin
The Shining One

Shops:
D:7 [   D:10 }

Annotations:
D:8 1 runed door


Innate Abilities, Weirdness & Mutations

You have claws for feet.
You have an unnaturally thin skeletal structure (Dex +6, Stealth++).
Your flesh is heat resistant.
You are partially covered in sharp spines.
You are immune to clouds of flame.
You are very agile. (Dex +4)
You are resistant to hostile enchantments.
You evolve.


Message History

You are feeling hungry.
All of the chunks of flesh in your inventory have rotted away.
Read which item? (? for menu, Esc to quit)
As you read the scroll of teleportation, it crumbles to dust.
You feel strangely unstable. Something gores you.
* * * LOW HITPOINT WARNING * * *
The cacodemon gestures at you. The bolt of energy hits you!
* * * LOW HITPOINT WARNING * * *
The rock wall explodes into countless fragments.
Drink which item? (? for menu, Esc to quit)
You feel much better. Something gores you!!
* * * LOW HITPOINT WARNING * * *
The cacodemon completely misses you.
The cacodemon hits you but does no damage.
Drink which item? (? for menu, Esc to quit)
You feel much better. Something gores you but does no damage.
The cacodemon gestures at you. The bolt of energy hits you!
You die...

....##.......#.#..###..#..#.##.##
.......#.......#.).....+..#. ####
...⌠.......⌠.#FY.F.⌠...#..##
.........#...#.#Y......+.
..##...#.......#.Y###.. ####
........#...FY###.YY ###### #.##
###.#.#.#....#YY#######...P###.#
###...##...##{#..............#
####..........##@.P............#
.##.....#⌠.>.⌠#2...............##
.#......#.....#######...........#
.........#.⌠..### #............
.........#.#.#.P# ##P...........
..##P...........# #P...........P
#.##.......#..### ##...........P
######.####..## #............#
######..## ##.##...#####.


You could see a cacodemon, 3 death yaks and a giant frog.

Vanquished Creatures
  Nessos (Lair:5)
  A minotaur (Lab)
  A hydra (Lair:2)
  6 death yaks
  The ghost of namelastname112 the Spear-Bearer, a novice DsGl of Okawaru (D:8)
  2 unseen horrors
  A hill giant (D:11)
  A black mamba (Lair:4)
  A black mamba (shapeshifter) (Lair:5)
  9 spiny frogs
  6 komodo dragons
  The ghost of nublet the Grasshopper, an amateur CeWr (D:4)
  Grinder (D:4)
  Sigmund (D:6)
  2 redbacks (Lab)
  Eustachio (D:5)
  50 yaks
  2 humans (D:11)
  3 basilisks (Lair:2)
  2 hippogriffs (Lair:4)
  2 hungry ghosts
  4 vampire mosquitoes (D:11)
  Edmund (D:5)
  3 nagas (Lair:5)
  4 soldier ants
  Duvessa (D:5)
  5 porcupines
  6 water moccasins
  4 orc warriors
  A black bear (D:8)
  4 sky beasts
  2 phantoms
  5 ogres
  A wasp (D:7)
  3 centaurs
  2 crocodiles
  10 giant frogs
  3 big kobolds
  Dowan (D:5)
  A water moccasin zombie (D:7)
  5 scorpions
  8 wights (D:9)
  9 killer bees
  A troll skeleton (D:9)
  An electric eel (Lair:3)
  3 spriggan skeletons (D:9)
  4 crimson imps
  A giant frog zombie (D:11)
  8 hounds
  4 jellies
  8 orc priests
  15 orc wizards
  6 giant frog skeletons
  16 iguanas
  3 centaur skeletons
  6 hell rats (Lair:1)
  12 worker ants
  11 sheep
  2 killer bee zombies
  A big kobold zombie (Ossuary)
  A hound zombie (D:11)
  2 mummies (Ossuary)
  2 worker ant zombies (D:7)
  31 river rats
  10 adders
  4 shadow imps
  An ooze (D:4)
  3 worms
  5 giant geckos
  55 orcs
  A ball python (D:1)
  11 giant cockroaches
  4 gnoll zombies (Ossuary)
  4 hobgoblins
  12 jackals
  22 kobolds
  4 bats
  A giant gecko skeleton (D:7)
  A giant gecko zombie (D:5)
  3 giant newts
  5 goblins
  2 goblin zombies (Ossuary)
  A hobgoblin zombie (Ossuary)
  A jackal skeleton (D:5)
  6 orc zombies (Ossuary)
  24 rats
  A butterfly (D:8)
497 creatures vanquished.

Vanquished Creatures (collateral kills)
  4 death yaks (D:11)
  3 yaks (D:11)
  4 centaurs (Lair:4)
11 creatures vanquished.

Vanquished Creatures (others)
  A death yak (D:11)
  A snapping turtle (Lair:3)
  A human (D:11)
  A jelly (D:11)
  A hobgoblin (D:3)
5 creatures vanquished.

Grand Total: 513 creatures vanquished

Notes
Turn   | Place    | Note
--------------------------------------------------------------
     0 | D:1      | namelastname112 the Demonspawn Gladiator began the quest for the Orb.
     0 | D:1      | Reached XP level 1. HP: 16/16 MP: 1/1
   456 | D:1      | Gained mutation: Your flesh is heat resistant. [demonic ancestry]
   456 | D:1      | Reached XP level 2. HP: 22/22 MP: 2/2
   580 | D:1      | Reached skill level 3 in Polearms
  1176 | D:1      | Reached skill level 1 in Armour
  1176 | D:1      | Reached XP level 3. HP: 22/27 MP: 3/3
  1446 | D:2      | Found a sacrificial altar of Ru.
  2557 | D:3      | Gained mutation: You have a somewhat thin skeletal structure (Dex +2, Stealth). [demonic ancestry]
  2557 | D:3      | Reached XP level 4. HP: 26/34 MP: 4/4
  2589 | D:3      | Found a stormy altar of Qazlal.
  3071 | D:3      | Found a burning altar of Makhleb.
  3093 | D:3      | Became a worshipper of Makhleb the Destroyer
  3285 | D:3      | Gained mutation: You are partially covered in sharp spines. [demonic ancestry]
  3285 | D:3      | Reached XP level 5. HP: 40/40 MP: 5/5
  3448 | D:4      | Reached skill level 4 in Polearms
  3558 | D:4      | Noticed Grinder
  3563 | D:4      | Paralysed by Grinder for 2 turns
  3565 | D:4      | Killed Grinder
  3565 | D:4      | Gained mutation: You have sharp toenails. [demonic ancestry]
  3565 | D:4      | Reached XP level 6. HP: 47/47 MP: 6/6
  3929 | D:4      | Noticed nublet's ghost (amateur CeWr)
  3949 | D:4      | Killed nublet's ghost
  3949 | D:4      | Reached skill level 5 in Polearms
  3949 | D:4      | Reached XP level 7. HP: 20/54 MP: 7/7
  4192 | D:4      | Identified a +0 rod of inaccuracy (11/11) (You found it on level 4 of the Dungeon)
  4218 | D:4      | Reached * piety under Makhleb
  4320 | D:4      | Found a bloodstained altar of Trog.
  4427 | D:4      | Found a deep blue altar of Sif Muna.
  4547 | D:4      | Found a glowing silver altar of Zin.
  4660 | D:5      | Entered Level 5 of the Dungeon
  4685 | D:5      | Noticed Edmund
  4693 | D:5      | Killed Edmund
  4757 | D:5      | Reached skill level 6 in Polearms
  4757 | D:5      | Gained mutation: You have a moderately thin skeletal structure (Dex +4, Stealth+). [demonic ancestry]
  4757 | D:5      | Reached XP level 8. HP: 59/61 MP: 8/8
  5062 | D:5      | Noticed Dowan
  5064 | D:5      | Noticed Duvessa
  5068 | D:5      | Killed Duvessa
  5068 | D:5      | Reached skill level 5 in Dodging
  5069 | D:5      | Killed Dowan
  5169 | D:5      | Reached skill level 5 in Fighting
  5275 | D:5      | Noticed Eustachio
  5293 | D:5      | Killed Eustachio
  5297 | D:5      | Reached ** piety under Makhleb
  5306 | D:5      | Found a staircase to the Ecumenical Temple.
  5806 | D:5      | Found a sparkling altar of Nemelex Xobeh.
  6003 | D:6      | Found a glowing golden altar of the Shining One.
  6041 | D:6      | Found a shimmering altar of Xom.
  6079 | D:6      | Found a sand-covered staircase.
  6088 | Ossuary  | Entered an ossuary
  6257 | D:6      | Reached skill level 7 in Polearms
  6371 | D:6      | Gained mutation: You have an unnaturally thin skeletal structure (Dex +6, Stealth++). [demonic ancestry]
  6371 | D:6      | Reached XP level 9. HP: 69/69 MP: 9/9
  6616 | D:6      | Found a shimmering altar of Xom.
  6617 | D:6      | Found a stormy altar of Qazlal.
  6879 | D:6      | Noticed Sigmund
  6898 | D:6      | Killed Sigmund
  7093 | D:7      | Found Efil's Antique Armour Shop.
  7119 | D:7      | Bought a shimmering ring mail for 270 gold pieces
  7119 | D:7      | Bought an ichor-stained leather armour for 210 gold pieces
  7129 | D:7      | Identified the cursed +0 ring mail of the Hippo {rElec Str+8 Int-4} (You bought it in a shop on level 7 of the Dungeon)
  7140 | D:7      | Identified the cursed +1 leather armour of Midwinter {rF+} (You bought it in a shop on level 7 of the Dungeon)
  7287 | D:7      | Reached skill level 5 in Armour
  7515 | D:7      | Killed an unseen horror
  7515 | D:7      | Reached skill level 8 in Polearms
  7530 | D:7      | Reached *** piety under Makhleb
  7976 | D:7      | Reached skill level 1 in Invocations
  8051 | D:8      | Found a basalt altar of Yredelemnul.
  8138 | D:8      | Found a runed door.
  8154 | D:8      | Found a runed door.
  8169 | D:8      | Reached XP level 10. HP: 77/77 MP: 11/11
  8566 | D:8      | Found a staircase to the Lair.
  8726 | D:8      | Noticed namelastname112's ghost (novice DsGl)
  8739 | D:8      | Gained mutation: You are agile. (Dex +2) [potion of beneficial mutation]
  8770 | D:8      | Killed namelastname112's ghost
  9008 | D:8      | Reached skill level 9 in Polearms
  9058 | D:8      | Reached **** piety under Makhleb
  9622 | D:9      | Reached skill level 5 in Invocations
  9746 | D:9      | Reached ***** piety under Makhleb
 10317 | D:9      | Killed an unseen horror
 10572 | D:9      | Found a white marble altar of Elyvilon.
 10752 | D:10     | Entered Level 10 of the Dungeon
 11093 | D:10     | Found Foloof's Gadget Boutique.
 11101 | D:10     | Gained mutation: You have razor-sharp toenails. [demonic ancestry]
 11101 | D:10     | Reached XP level 11. HP: 84/84 MP: 16/16
 11149 | D:10     | Reached skill level 10 in Polearms
 11752 | D:11     | Noticed a death yak
 11752 | D:11     | Noticed a death yak
 11755 | D:11     | Noticed a death yak
 11755 | D:11     | Noticed a death yak
 11766 | D:11     | Noticed a death yak
 11797 | D:11     | Found a labyrinth entrance.
 11825 | Lab      | Entered a labyrinth
 12114 | Lab      | Noticed a minotaur
 12122 | Lab      | Killed a minotaur
 12132 | Lab      | Identified a +0 rod of destruction (9/9) (You found it in a labyrinth)
 12651 | D:11     | Noticed a hill giant
 12657 | D:11     | Killed a hill giant
 12760 | D:11     | Killed a death yak
 12769 | D:11     | Killed a death yak
 12840 | D:11     | HP: 4/87 [something (9)]
 12897 | D:11     | Reached ****** piety under Makhleb
 12988 | D:11     | Noticed a death yak
 12989 | D:11     | Noticed a death yak
 12989 | D:11     | Noticed a death yak
 12992 | D:11     | Noticed a death yak
 12992 | D:11     | Noticed a death yak
 12994 | D:11     | Banished a death yak
 13011 | D:11     | Killed a death yak
 13021 | D:11     | Killed a death yak
 13127 | D:11     | Killed a death yak
 13127 | D:11     | Gained mutation: You have claws for feet. [demonic ancestry]
 13127 | D:11     | Reached XP level 12. HP: 94/94 MP: 19/19
 13130 | D:11     | Killed a death yak
 13130 | D:11     | Reached skill level 10 in Invocations
 13143 | D:11     | Reached skill level 11 in Polearms
 13309 | D:11     | Killed a death yak
 13315 | D:11     | Killed a death yak
 13321 | D:11     | Killed a death yak
 13509 | Lair:1   | Entered Level 1 of the Lair of Beasts
 15109 | Lair:2   | Reached skill level 1 in Evocations
 15174 | Lair:2   | Noticed a four-headed hydra
 15180 | Lair:2   | Killed a four-headed hydra
 15810 | Lair:3   | Found a staircase to the Shoals.
 16287 | Lair:3   | Gained mutation: You are resistant to hostile enchantments. [potion of beneficial mutation]
 16288 | Lair:3   | Gained mutation: You evolve. [potion of beneficial mutation]
 16785 | Lair:4   | Found a bloodstained altar of Trog.
 16809 | Lair:4   | Gained mutation: You are immune to clouds of flame. [demonic ancestry]
 16809 | Lair:4   | Reached XP level 13. HP: 34/101 MP: 21/21
 17743 | Lair:5   | Reached skill level 12 in Polearms
 17757 | Lair:5   | Found a staircase to the Snake Pit.
 18019 | Lair:5   | Gained mutation: You are very agile. (Dex +4) [evolution]
 18316 | Lair:5   | Noticed Nessos
 18332 | Lair:5   | Killed Nessos
 18589 | Lair:5   | Noticed a cacodemon
 18590 | Lair:5   | HP: 2/103 [disintegration[the player character] (21)]
 18592 | Lair:5   | Blown up by a cacodemon

Vault maps used:
D:1:      ncdulo_lavacross
D:2:      old_standard_altar
D:3:      makhleb_heckhound_becter, nicolae_qazlal_eye_of_the_storm
D:4:      lemuel_coloured_pillars_altar, kennysheep_mini_moat,
          lemuel_blue_sif_altar, uniq_grinder
D:5:      minmay_temple_entry_junction, basic_altar, first_bread,
          serial_bayou_ford_a, minivault_26, hangedman_decor_peaks_small,
          st_stairs_11, uniq_eustachio, uniq_edmund, uniq_duvessa
D:6:      gammafunk_temple_overflow_statue, nicolae_ossuary_entry_ruins,
          basic_altar, tso_altar, uniq_sigmund
D:7:      serial_shops, nicolae_shop_stone
D:8:      lemuel_insect_pit, old_standard_altar, lair_0_dummy
D:9:      kennysheep_little_box, minivault_10, hangedman_tell_no_tales,
          kennysheep_flooded_box, kennysheep_generic_room_12
D:10:     serial_shops, shop
D:11:     slaughterhouse, lab_entry_generic
Lair:1:   lemuel_ratsnest, serial_bayou, serial_bayou_pond_a,
          serial_bayou_lagoon_b, serial_bayou_crossing, serial_bayou_lagoon_a
Lair:2:   beast_lair_carwin_large_3
Lair:3:   minmay_shoals_entry_hut, infiniplex_staircase_pool_2
Lair:4:   lemuel_centaur_altar, grunt_megastairs_3, lemuel_fruit_fields,
          infiniplex_staircase_pool, serial_bayou_shore_b
Lair:5:   guppyfry_snake_entry_garden, grunt_megastairs_1, uniq_nessos
Lab:      labyrinth_mini_lab, nicolae_lab_arrow
Ossuary:  minmay_ossuary_gauntlet

Action                   |  1- 3 |  4- 6 |  7- 9 | 10-12 | 13-15 || total
-------------------------+-------+-------+-------+-------+-------++-------
Melee: Trident           |   156 |   119 |   278 |   409 |       ||   962
       Unarmed           |       |       |       |    17 |       ||    17
       Halberd           |       |       |       |   421 |   189 ||   610
Throw: Javelin           |     2 |     6 |    27 |     4 |       ||    39
       Throwing net      |       |       |     1 |       |       ||     1
Invok: Major Destruction |       |       |       |    10 |       ||    10
       Lesser Servant of |       |       |       |     3 |       ||     3
       Greater Servant o |       |       |       |     2 |     1 ||     3
Evoke: Wand              |       |       |       |     1 |     1 ||     2
  Use: Potion            |       |     2 |       |     7 |     2 ||    11
       Scroll            |       |       |    18 |    10 |     2 ||    30
 Stab: Sleeping          |     1 |     2 |    11 |    27 |     3 ||    44
       Distracted        |       |       |     2 |     6 |     1 ||     9
       Petrifying        |       |       |       |     2 |       ||     2
       Petrified         |       |       |       |     1 |       ||     1
       Paralysed         |       |       |       |     1 |     5 ||     6
       Confused          |       |       |       |     1 |       ||     1
  Eat: Chunk             |     4 |     6 |    12 |    22 |     3 ||    47
       Royal jelly       |       |       |     1 |       |       ||     1
       Meat ration       |       |       |       |     1 |       ||     1
       Pizza             |       |       |       |     3 |       ||     3
       Beef jerky        |       |       |       |     1 |       ||     1
